 Dungeon Crawl Stone Soup version 0.28-a0-8-g6e044cfa68 (webtiles) character file.

Game seed: 3007037700071190296

111 Gwenloh the Slasher (level 5, 0/41 HPs)
             Began as a Human Fighter on July 24, 2021.
             Was a Believer of Uskayaw.
             Succumbed to an adder's poison
             ... on level 2 of the Dungeon.
             The game lasted 00:05:40 (2175 turns).

Gwenloh the Slasher (Human Fighter)                 Turns: 2175, Time: 00:05:40

Health: 0/41       AC:  6    Str: 16    XL:     5   Next: 15%
Magic:  4/5        EV:  6    Int:  8    God:    Uskayaw [**....]
Gold:   68         SH:  9    Dex: 14    Spells: 4/4 levels left

rFire   . . .      SeeInvis .   a - +0 long sword
rCold   . . .      Faith    .   c - +0 kite shield
rNeg    . . .      Spirit   +   n - +0 scale mail
rPois   .          Reflect  .   (no helmet)
rElec   .          Harm     .   (no cloak)
rCorr   .          Rampage  .   (no gloves)
Will    .....                   (no boots)
Stlth   ..........              k - amulet of guardian spirit
HPRegen 0.13/turn               (no ring)
MPRegen 0.09/turn               (no ring)

@: lethally poisoned (0 -> -1), hasted, very quick
A: no striking features
a: Renounce Religion, Stomp, Line Pass


You were on level 2 of the Dungeon.
You worshipped Uskayaw.
Uskayaw was noncommittal.
You visited 1 branch of the dungeon, and saw 4 of its levels.

You collected 68 gold pieces.

Inventory:

Hand Weapons
 a - a +0 long sword (weapon)
 b - a +0 hunting sling
Missiles
 g - 35 bolts
 l - 15 stones (quivered)
 m - 27 sling bullets
Armour
 c - a +0 kite shield (worn)
 n - a +0 scale mail (worn)
Jewellery
 f - a ring of fire
 k - an amulet of guardian spirit (around neck)
 r - an amulet of faith
Scrolls
 h - a scroll of identify {unknown}
 i - a scroll of enchant armour {unknown}
 j - 3 scrolls of blinking {unknown}
 s - a scroll of summoning {unknown}
Potions
 d - 2 potions of might
 e - a potion of cancellation
 p - a potion of curing {unknown}
 q - a potion of heal wounds {unknown}


   Skills:
 - Level 3.0 Fighting
 + Level 4.9 Long Blades
 - Level 3.0 Armour
 - Level 3.0 Shields


You had 4 spell levels left.
You didn't know any spells.
Your spell library was empty.

Dungeon Overview and Level Annotations

Branches:
Dungeon (4/15)
 Temple: D:4-7

Altars:
Uskayaw

Shops:
D:3 (


Message History

You are poisoned.
The adder poisons you!
Your scale mail prevents you from hitting the adder.
You feel sick. The adder bites you but does no damage.
You block the adder's attack.
You slash the adder!
The adder is severely wounded.
You feel sick. The adder bites you.
* * * LOW HITPOINT WARNING * * *
You are lethally poisoned!
The adder poisons you! You block the adder's attack.
You feel very mighty all of a sudden.
* * * LOW HITPOINT WARNING * * *
You feel sick. The adder bites you but does no damage.
You closely miss the adder.
The adder is severely wounded.
* * * LOW HITPOINT WARNING * * *
You feel very sick. You block the adder's attack.
The adder bites you but does no damage.
You slash the adder!
You kill the adder!
* * * LOW HITPOINT WARNING * * *
You feel sick.
You slash the worm!
You kill the worm!
* * * LOW HITPOINT WARNING * * *
You feel sick.
You can now pass through a line of other dancers.
* * * LOW HITPOINT WARNING * * *
You feel sick.
Things that are here:
a +0 club; 5 stones; a worm corpse It was a potion of cancellation.
Your magical effects are unravelling.
You feel magically purged.
You feel a little less mighty now.
* * * LOW HITPOINT WARNING * * *
You feel sick.
It was a potion of haste.
You feel yourself speed up.
You die...

#....# #..........#.
####### ############.
......# .. #. ......#
.. ## ......# .
......# #####. ......#
#...(# #######
#....######+##### #
#....'.(@.....(.. #
#....#####....... #
#...).# ....... #
###'#(# ....... #
#.#)w# ....... #
#.#(... ....... #
########.#$#.###.#....
# #........#.(..
...... #
#.########.#.##


There were no monsters in sight!

Vanquished Creatures
  5 adders
  2 worms (D:2)
  4 dart slugs
  3 endoplasms
  A giant cockroach (D:1)
  12 goblins
  4 hobgoblins
  A quokka (D:2)
  3 ball pythons (D:1)
  2 bats
  5 frilled lizards
  7 kobolds
  8 rats
57 creatures vanquished.

Notes
Turn   | Place    | Note
-------+----------+-------------------------------------------
     0 | D:1      | Gwenloh the Human Fighter began the quest for the Orb.
     0 | D:1      | Reached XP level 1. HP: 18/18 MP: 1/1
   239 | D:1      | Reached XP level 2. HP: 24/24 MP: 2/2
   406 | D:1      | Reached skill level 3 in Long Blades
   458 | D:1      | Reached XP level 3. HP: 26/29 MP: 3/3
   497 | D:1      | Noticed a golden eye
   500 | D:1      | Found a faded altar of an unknown god.
   501 | D:1      | Noticed a great orb of eyes
   501 | D:1      | Noticed a shining eye
   501 | D:1      | Noticed a great orb of eyes
   506 | D:1      | Became a worshipper of Uskayaw the Reveller
   506 | D:1      | Reached * piety under Uskayaw
   519 | D:1      | Reached ** piety under Uskayaw
  1208 | D:2      | You fall into a shaft and drop 2 floors!
  1233 | D:4      | Reached XP level 4. HP: 24/35 MP: 1/4
  1234 | D:4      | Reached skill level 4 in Long Blades
  1536 | D:3      | Found Wes Tula's Antique Weapon Emporium.
  2140 | D:2      | Reached XP level 5. HP: 28/41 MP: 1/5
  2172 | D:2      | HP: 2/41 [poisoned by an adder]
  2175 | D:2      | Succumbed to an adder's poison

Illustrated notes

Levels and vault maps discovered:
D:1:      saegor_arrival_simple_e, layout_basic,
          hellmonk_ecumenical_altar_watching_god
D:2:      layout_basic, minmay_surrounded, uniq_crazy_yiuf_cottage
D:3:      layout_basic, serial_shops, shop, uniq_robin
D:4:      layout_loops_ring, minmay_temple_entry_enclosed_plants

Skill      XL: |  1  2  3  4 |
---------------+-------------+-----
Long Blades    | 3 4 |  4.9
Fighting       | |  3.0
Armour         | |  3.0
Shields        | |  3.0

Action                   |  1- 3 |  4- 6 || total
-------------------------+-------+-------++-------
Melee: Long sword        |    82 |    58 ||   140
 Fire: Hunting sling     |    13 |    20 ||    33
Throw: Stone             |     7 |     1 ||     8
Invok: Stomp             |     1 |     3 ||     4
  Use: Potion            |       |     3 ||     3
 Stab: Distracted        |     1 |       ||     1
Armor: Scale mail        |    33 |    38 ||    71
Dodge: Dodged            |    12 |    17 ||    29
Block: Kite shield       |    47 |    26 ||    73
       Rpst.: Long sword |     3 |     5 ||     8

Table legend: (Time is in decaauts)
 A = Elapsed time spent in this place.
 B = Non-inter-level travel time spent in this place.
 C = Inter-level travel time spent in this place.
 D = Time resting spent in this place.
 E = Time spent auto-exploring this place.
 F = Levels seen in this place.
 G = Mean time per level.
                   A        B        C        D        E       F      G
               +--------+--------+--------+--------+--------+-----+--------+
         Total |   2249 |   2228 |     21 |    109 |   1637 |   4 |  562.2 |
       Dungeon |   2249 |   2228 |     21 |    109 |   1637 |   4 |  562.2 |
               +--------+--------+--------+--------+--------+-----+--------+

Top non-repeatable levels by time:
     D:1: 1013 daAuts
     D:2: 845 daAuts
     D:3: 271 daAuts
     D:4: 119 daAuts
